 Dungeon Crawl Stone Soup version 0.25.0-10-g039870ee82 (webtiles) character file.

Game seed: 16027675078889714688

23 DeadF the Sneak (level 2, 0/11 HPs)
             Began as a Felid Enchanter on June 22, 2020.
             Hit by a stone thrown by an orc (2 damage)
             ... on level 3 of the Dungeon.
             The game lasted 00:01:10 (970 turns).

DeadF the Sneak (Felid Enchanter)                    Turns: 970, Time: 00:01:10

Health: 0/11       AC:  1    Str:  4    XL:     2   Next: 72%
Magic:  6/6        EV: 19    Int: 16    God:
Gold:   57         SH:  0    Dex: 16    Spells: 4/5 levels left
                                        Lives:  0   Deaths: 0

rFire    . . .     SeeInvis +     - Unarmed
rCold    . . .     Gourm    .   (shield unavailable)
rNeg     . . .     Faith    .   (armour unavailable)
rPois    .         Spirit   .   (helmet unavailable)
rElec    .         Reflect  .   (cloak unavailable)
rCorr    .         Harm     .   (gloves unavailable)
MR       .....                  (boots unavailable)
Stlth    +++.......             (no amulet)
HPRegen  0.03/turn              (no ring)
MPRegen  0.10/turn              (no ring)

@: quick
A: very small, no armour, no weapons or thrown items, stealth, claws 1, fangs 3,
see invisible, carnivore, speed 1, shaggy fur 1, slow metabolism 1, sharp paws
a: no special abilities


You were on level 3 of the Dungeon.
You were completely stuffed.

You visited 1 branch of the dungeon, and saw 3 of its levels.

You collected 57 gold pieces.

Inventory:

Scrolls
 a - a scroll of remove curse {unknown}
Potions
 c - a potion of heal wounds {unknown}
Comestibles
 b - 2 rations


   Skills:
 + Level 3.6 Dodging
 + Level 4.9 Stealth
 - Level 1.0 Unarmed Combat
 - Level 2.0 Spellcasting
 - Level 4.4 Hexes


You had 4 spell levels left.
You knew the following spells:

 Your Spells              Type           Power        Failure   Level  Hunger
a - Corona                Hex            ###....      3%          1    #......

Your spell library contained the following spells:

 Spells                   Type           Power        Failure   Level  Hunger
 Confusing Touch          Hex            ###.....     11%         3    ###....
 Tukima's Dance           Hex            ###.....     11%         3    ###....
 Ensorcelled Hibernation  Hex/Ice        #.....       13%         2    ###....
 Dazzling Flash           Conj/Hex       #.....       26%         3    ###....


Dungeon Overview and Level Annotations

Branches:
Dungeon (3/15)

Altars:


Innate Abilities, Weirdness & Mutations

You cannot wear armour.
You are incapable of wielding weapons or throwing items.
Your paws allow you to move quietly. (Stealth)
You have sharp claws.
You have razor-sharp teeth.
You have supernaturally acute eyesight. (SInv)
You are carnivorous and can eat meat at any time.
You cover ground quickly.
You are covered in fur. (AC +1)
You have a slow metabolism.
Your sharp claws are effective at attacking unaware monsters.


Message History

The orc misses you.
An orc comes into view. It is wielding a +0 dagger.
The adder misses you.
There is an open door, spattered with blood here.
You see here a +0 club.
A goblin comes into view. It is wielding a +0 club.
The goblin shouts!
You closely miss the goblin. The goblin misses you.
The goblin completely misses you.
The orc shouts!
There is an open door here.
A goblin comes into view. It is wielding a +0 dagger.
The goblin shouts!
An adder comes into view.
You closely miss the goblin. The goblin closely misses you.
The adder closely misses you. The adder completely misses you.
The adder misses you. The adder misses you.
The orc throws a stone.
The stone hits you.
You die...

###### #....# #....#
########....#########
(......#.S..........#
#.@.g..........##
#..S.............
#....g.........#
##.............##
#...o..........#
#..............#
#...o..........#
#........#####.#
#...o....#


You could see 2 adders, 2 orcs and 2 goblins.

Vanquished Creatures
  An ooze (D:1)
  A dart slug (D:2)
  An orc (D:3)
  3 bats (D:1)
  4 hobgoblins (D:1)
  4 frilled lizards (D:1)
  2 rats (D:1)
16 creatures vanquished.

Notes
Turn   | Place    | Note
-------+----------+-------------------------------------------
     0 | D:1      | DeadF the Felid Enchanter began the quest for the Orb.
     0 | D:1      | Reached XP level 1. HP: 7/7 MP: 4/4
   134 | D:1      | Reached XP level 2. HP: 6/11 MP: 6/6
   970 | D:3      | Hit by a stone thrown by an orc

Illustrated notes

Levels and vault maps discovered:
D:1:      elethiomel_arrival_fortress_basement, layout_basic
D:2:      layout_rooms, first_ration
D:3:      layout_basic, okawaru_altar_gauntlet_db

Skill      XL: |  1 |
---------------+----+-----
Dodging        | 3 |  3.6
Stealth        | |  4.9
Unarmed Combat | |  1.0
Spellcasting   | |  2.0
Hexes          | |  4.4

Action                   || total
-------------------------++-------
Melee: Unarmed           ||    47
       Bite              ||     5
 Cast: Corona            ||     2
 Stab: Sleeping          ||     7
  Eat: Chunk             ||     7
Armor: Skin              ||     9
Dodge: Dodged            ||    76
